 Dungeon Crawl Stone Soup version 0.30-a0-772-g5528072125 (webtiles) character file.

Game seed: 11336864091994134724

8279 Crownlay the Geomancer (level 11, 0/54 HPs)
             Began as a Gargoyle Earth Elementalist on Feb 12, 2023.
             Was a Believer of Vehumet.
             Slain by a vampire (12 damage)
             ... on level 11 of the Dungeon.
             The game lasted 00:18:41 (9866 turns).

Crownlay the Geomancer (GrEE)                       Turns: 9866, Time: 00:18:41

Health: 0/54       AC: 15    Str: 12    XL:     11   Next: 28%
Magic:  9/23       EV: 11    Int: 20    God:    Vehumet [**....]
Gold:   452        SH:  0    Dex: 10    Spells: 18/27 levels left

rFire   . . .      SeeInvis .    J - +2 whip (freeze)
rCold   . . .      Faith    .    (no shield)
rNeg    + . .      Spirit   .    K - +2 robe {Will+}
rPois   ∞          Reflect  .    z - +0 helmet
rElec   +          Harm     .    M - +0 cloak
rCorr   .          Rampage  .    (no gloves)
Will    ++...                    a - +0 pair of boots
Stlth   ++                       H - amulet of regeneration
HPRegen 1.09/turn                r - ring of willpower
MPRegen 0.18/turn                w - ring of wizardry

@: no status effects
A: sickness immunity, AC +8, negative energy resistance 1, electricity
resistance, torment resistance 1, petrification resistance
a: Renounce Religion


You were on level 11 of the Dungeon.
You worshipped Vehumet.
Vehumet was pleased with you.
You visited 1 branch of the dungeon, and saw 11 of its levels.
You also visited: Sewer.

You collected 452 gold pieces.

Inventory:

Hand Weapons
 J - a +2 whip of freezing (weapon)
Armour
 a - a +0 pair of boots (worn)
 z - a +0 helmet (worn)
 K - a +2 robe of willpower (worn)
 M - a +0 cloak (worn)
Magical Staves
 G - a staff of cold
Jewellery
 n - a ring of willpower
 r - a ring of willpower (left hand)
 w - a ring of wizardry (right hand)
 y - a ring of protection from cold
 C - a ring of protection from fire
 H - an amulet of regeneration (around neck)
Wands
 d - a wand of mindburst (12)
 k - a wand of digging (6)
 I - a wand of acid (9)
 N - a wand of polymorph (17)
 Q - a wand of flame (9)
 R - a wand of roots (9)
Scrolls
 c - 2 scrolls of poison
 e - 2 scrolls of amnesia {unknown}
 f - 2 scrolls of blinking
 h - 2 scrolls of vulnerability
 l - 3 scrolls of fear
 m - 2 scrolls of magic mapping {unknown}
 q - 4 scrolls of teleportation
 s - a scroll of silence {unknown}
 u - 2 scrolls of brand weapon
 v - a scroll of immolation {unknown}
 x - a scroll of summoning {unknown}
 A - 3 scrolls of enchant armour
 O - a scroll of torment {unknown}
 P - 2 scrolls of enchant weapon {unknown}
Potions
 b - 3 potions of magic
 g - 4 potions of degeneration {unknown}
 i - a potion of lignification {unknown}
 j - 2 potions of invisibility {unknown}
 o - 2 potions of attraction {unknown}
 p - 4 potions of mutation {unknown}
 t - a potion of ambrosia {unknown}
 B - 5 potions of curing {unknown}
 D - 2 potions of cancellation {unknown}
 E - a potion of resistance {unknown}
 F - 6 potions of heal wounds {unknown}
 L - 4 potions of haste {unknown}


   Skills:
 - Level 1.5 Dodging
 - Level 2.1 Stealth
 * Level 8.9 Spellcasting
 + Level 6.3 Conjurations
 + Level 4.4 Summonings
 + Level 6.2 Necromancy
 - Level 0.7 Transmutations
 - Level 12.0 Earth Magic


You had 18 spell levels left.
You knew the following spells:

 Your Spells              Type           Power      Damage    Failure   Level
a - Sandblast             Erth           100%       2d20      1%          1
b - Stone Arrow           Conj/Erth      90%        3d12      1%          3
c - Borgnjor's Vile Clut  Necr/Erth      22%        N/A       2%          5

Your spell library contained the following spells:

 Spells                   Type           Power      Damage    Failure   Level
 Poisonous Vapours        Pois/Air       16%        N/A       4%          2
 Necrotise                Necr           100%       1d9       1%          1
 Summon Small Mammal      Summ           100%       N/A       1%          1
 Passwall                 Tmut/Erth      28%        N/A       1%          2
 Animate Dead             Necr           33%        N/A       2%          4
 Petrify                  Tmut/Erth      34%        N/A       2%          4
 Apportation              Tloc           16%        N/A       3%          1
 Wereblood                Tmut           11%        N/A       3%          2
 Ensorcelled Hibernation  Hex/Ice        16%        N/A       4%          2
 Scorch                   Fire           16%        2d6       4%          2
 Spider Form              Tmut/Pois      10%        N/A       9%          3
 Anguish                  Hex/Necr       10%        N/A       9%          4
 Flame Wave               Conj/Fire      21%        2d8       9%          4
 Irradiate                Conj/Tmut      11%        3d15      21%         5
 Death Channel            Necr           16%        N/A       34%         6
 Summon Cactus Giant      Summ           13%        N/A       56%         6
 Summon Hydra             Summ           13%        N/A       98%         7
 Sublimation of Blood     Necr           Unusable   N/A       N/A         2

Dungeon Overview and Level Annotations

Branches:
Dungeon (11/15)            Temple (0/1) D:7            Lair (0/5) D:10
  Sewer (visited)
    Orc: D:9-12

Altars:
Cheibriados
Fedhas
Gozag
Makhleb
Okawaru
Vehumet


Innate Abilities, Weirdness & Mutations

You are immune to sickness and miasma.
Your stone body is resilient. (AC +8)
You are immune to poison.
You resist negative energy. (rN+)
You are resistant to electric shocks. (rElec)
You are resistant to unholy torment.
You are immune to petrification.


Message History

The cyclops struggles to escape constriction.
The blast of sand hits the cyclops.
The cyclops is moderately wounded.
The zombie hands constrict the cyclops!
The zombie hands release their grip on the cyclops.
The blast of sand hits the cyclops!!
The cyclops is almost dead.
The blast of sand hits the cyclops but does no damage.
The cyclops is almost dead.
The cyclops throws a large rock.
The large rock hits you but does no damage.
Casting: Sandblast (safe; 1% risk of failure)
Confirm with . or Enter, or press ? or * to list all spells.
Aiming: Borgnjor's Vile Clutch (dangerous; 2% risk of failure)
Press: ? - help, Shift-Dir - straight line, f/p - cyclops
Aim: a cyclops, quivering large rocks (almost dead, 100% to hit)
Zombie hands grab the cyclops.
The zombie hands constrict the cyclops!
You kill the cyclops!
Vehumet accepts your kill.
A vampire comes into view.
The blast of sand hits the vampire!
The vampire is heavily damaged.
The blast of sand hits the vampire!
The vampire is almost destroyed.
The vampire drinks a potion.
The vampire seems to grow stronger.
The blast of sand misses the vampire.
The vampire casts a spell.
The vampire flickers and vanishes!
Deactivating autopickup; reactivate with Ctrl-A.
Something hits you! Something bites you!
You can't see any susceptible monsters within range! (Use Z to cast anyway.)
Casting: Sandblast (safe; 1% risk of failure)
Confirm with . or Enter, or press ? or * to list all spells.
Aiming: Sandblast (safe; 1% risk of failure)
Press: ? - help, Shift-Dir - straight line Something hits you!!
* * * LOW HITPOINT WARNING * * *
Something bites you!
You die...

....#.......#.............#
##'##[...<..#............##
#...........###.########.#
#.............#.#
#.............'.#
#.............#.#
#..........####.#
#..........#....########
############.[(.@.......
........{.......
................
...............#
...............#
...............#
...............#
..............#


There were no monsters in sight!

Vanquished Creatures
  2 two-headed ogres
  Pikel (D:6)
  An ugly thing (D:9)
  A cyclops (D:11)
  A gargoyle (D:10)
  An unseen horror (D:10)
  4 trolls
  A hornet (D:9)
  Sigmund (D:6)
  7 yaks
  2 ice beasts
  A black bear (D:5)
  An orc warrior (D:8)
  A sky beast (D:6)
  An ogre (D:4)
  2 lemures (D:6)
  A phantom (D:4)
  6 centaurs
  6 bullfrogs
  A kobold brigand (D:8)
  7 scorpions
  10 killer bees
  A howler monkey (D:4)
  2 jellies
  A hound (D:5)
  An orc priest (D:9)
  An iguana (D:4)
  8 orc wizards
  8 adders
  13 gnolls
  3 shadow imps
  A white imp (D:7)
  4 worms
  3 dart slugs
  24 orcs
  6 ball pythons
  2 bats (D:2)
  5 endoplasms
  16 giant cockroaches
  4 hobgoblins
  3 jackals (D:4)
  3 quokkas
  13 frilled lizards
  9 goblins
  10 kobolds
  9 rats
209 creatures vanquished.

Notes
Turn   | Place    | Note
-------+----------+-------------------------------------------
     0 | D:1      | Crownlay the Gargoyle Earth Elementalist began the quest
                  | for the Orb.
     0 | D:1      | Reached XP level 1. HP: 10/10 MP: 3/3
    79 | D:1      | Reached skill level 4 in Earth Magic
    92 | D:1      | Reached XP level 2. HP: 14/15 MP: 1/5
   301 | D:1      | Reached XP level 3. HP: 9/19 MP: 1/6
   920 | D:2      | Reached skill level 5 in Earth Magic
   982 | D:1      | Reached XP level 4. HP: 15/24 MP: 6/8
  1135 | D:2      | Learned a level 3 spell: Stone Arrow
  1315 | D:2      | Found a blossoming altar of Fedhas.
  2152 | D:3      | Reached XP level 5. HP: 28/28 MP: 5/9
  2295 | D:3      | Found a faded altar of an unknown god.
  2496 | D:4      | Reached skill level 6 in Earth Magic
  2511 | D:4      | Noticed an ice beast
  2519 | D:4      | Reached skill level 1 in Necromancy
  2568 | D:4      | Reached XP level 6. HP: 32/32 MP: 8/11
  2680 | D:4      | Reached skill level 7 in Earth Magic
  2682 | D:4      | Reached XP level 7. HP: 2/36 MP: 2/12
  2740 | D:4      | Found a glowing drain.
  2830 | Sewer    | Entered a sewer
  3172 | Sewer    | Reached skill level 8 in Earth Magic
  4611 | D:5      | Entered Level 5 of the Dungeon
  4618 | D:5      | Reached XP level 8. HP: 34/41 MP: 9/14
  4937 | D:5      | Learned a level 5 spell: Borgnjor's Vile Clutch
  4991 | D:5      | Reached skill level 9 in Earth Magic
  5155 | D:6      | Found a snail-covered altar of Cheibriados.
  5155 | D:6      | Found an iron altar of Okawaru.
  5155 | D:6      | Found a burning altar of Makhleb.
  5156 | D:6      | Found a radiant altar of Vehumet.
  5156 | D:6      | Found an opulent altar of Gozag.
  5169 | D:6      | Became a worshipper of Vehumet
  5289 | D:6      | Noticed Pikel
  5376 | D:6      | Killed Pikel
  5377 | D:6      | Reached skill level 5 in Spellcasting
  5377 | D:6      | Reached skill level 10 in Earth Magic
  5377 | D:6      | Reached XP level 9. HP: 37/45 MP: 2/17
  5863 | D:6      | Noticed Sigmund
  5867 | D:6      | Killed Sigmund
  6029 | D:6      | Reached skill level 11 in Earth Magic
  6195 | D:7      | Reached * piety under Vehumet
  6195 | D:7      | Offered knowledge of Freeze by Vehumet.
  6327 | D:7      | Found a staircase to the Ecumenical Temple.
  6656 | D:8      | Reached skill level 1 in Conjurations
  6778 | D:8      | Reached skill level 1 in Summonings
  7551 | D:9      | Noticed a green ugly thing
  7669 | D:9      | Noticed a hornet
  7677 | D:9      | Killed a hornet
  7905 | D:9      | Reached skill level 5 in Necromancy
  7905 | D:9      | Reached XP level 10. HP: 50/50 MP: 12/20
  7940 | D:9      | Reached skill level 12 in Earth Magic
  8018 | D:9      | Offered knowledge of Poisonous Vapours by Vehumet.
  8255 | D:9      | Reached ** piety under Vehumet
  8511 | D:9      | Noticed a two-headed ogre
  8516 | D:9      | Killed a two-headed ogre
  8622 | D:9      | Killed a green ugly thing
  8783 | D:10     | Entered Level 10 of the Dungeon
  8978 | D:10     | Noticed a gargoyle
  8984 | D:10     | Killed a gargoyle
  8985 | D:10     | Reached skill level 5 in Conjurations
  9180 | D:10     | Found a staircase to the Lair.
  9196 | D:10     | Killed an unseen horror
  9327 | D:10     | Reached XP level 11. HP: 54/54 MP: 14/23
  9710 | D:11     | Noticed a two-headed ogre
  9713 | D:11     | Killed a two-headed ogre
  9834 | D:11     | Identified the +1 robe "Lexoi" {-Cast rPois rN++ Dex+3}
  9851 | D:11     | Noticed a cyclops
  9858 | D:11     | Killed a cyclops
  9866 | D:11     | Slain by a vampire

Illustrated notes

Levels and vault maps discovered:
D:1:      wheals_arrival_shading, layout_rooms, serial_bayou_ford_a,
          minmay_tetromino_s4
D:2:      layout_basic, basic_altar
D:3:      layout_loops_ring, shapermc_ecumenical_altar_ellora,
          minmay_misc_feat_roman
D:4:      layout_layer_cave, gup_sewer_entry_pipe, minmay_goblin_kobold_house
D:5:      layout_rooms
D:6:      layout_gridville, grunt_temple_overflow_open, skrybe_limestone_x,
          lemuel_flame_loot_1, uniq_sigmund, uniq_pikel
D:7:      layout_rooms, minmay_temple_entry_waves
D:8:      layout_loops_cross
D:9:      layout_stronghold
D:10:     layout_rooms, lair_entry_dummy, minivault_24
D:11:     layout_irregular_city, erik_orc_3

Skill      XL: |  1  2  3  4  5  6  7  8  9 10 11 |
---------------+----------------------------------+-----
Earth Magic    | 4 5 6 7 8 10 11 12 | 12.0
Spellcasting   | 3 4 5 6 8 |  8.9
Necromancy     | 1 2 4 5 6 |  6.2
Conjurations   | 2 5 6 |  6.3
Summonings     | 2 3 4 |  4.4
Dodging        | |  1.5
Stealth        | |  2.1
Transmutations | |  0.7

Action                     |  1- 3 |  4- 6 |  7- 9 | 10-12 || total
---------------------------+-------+-------+-------+-------++-------
  Melee: Dagger            |    22 |       |    28 |       ||    50
         Punch             |       |       |     1 |       ||     1
   Cast: Sandblast         |    32 |    48 |   167 |    74 ||   321
         Stone Arrow       |       |     1 |     4 |     1 ||     6
         Borgnjor's Vile C |       |       |     9 |    19 ||    28
    Use: Scroll            |       |     3 |     6 |       ||     9
 Armour: Robe              |    11 |     5 |    43 |    19 ||    78
  Dodge: Dodged            |    36 |    13 |    57 |    15 ||   121

Table legend: (Time is in decaauts)
 A = Elapsed time spent in this place.
 B = Non-inter-level travel time spent in this place.
 C = Inter-level travel time spent in this place.
 D = Time resting spent in this place.
 E = Time spent auto-exploring this place.
 F = Levels seen in this place.
 G = Mean time per level.
                   A        B        C        D        E       F      G
               +--------+--------+--------+--------+--------+-----+--------+
         Total |  10126 |   9848 |    278 |    183 |   7943 |  12 |  843.8 |
       Dungeon |   9399 |   9121 |    278 |    183 |   7344 |  11 |  854.5 |
         Sewer |    726 |    726 |      0 |      0 |    598 |   1 |  726.0 |
               +--------+--------+--------+--------+--------+-----+--------+

Top non-repeatable levels by time:
     D:4: 1527 daAuts
     D:9: 1305 daAuts
     D:6: 1035 daAuts
     D:2: 933 daAuts
     D:8: 901 daAuts
     D:1: 831 daAuts
     D:3: 769 daAuts
    D:10: 759 daAuts
   Sewer: 726 daAuts
     D:5: 558 daAuts
     D:7: 431 daAuts
    D:11: 346 daAuts
